 Dungeon Sprint DCSS version 0.27.1-34-g3ba077fa99 (webtiles) character file.

Game seed: 654791048467616167

7 Arum the Shield-Bearer (level 2, -6/25 HPs)
             Began as a Formicid Fighter on Jan 16, 2022.
             Mangled by an ice beast (14 damage)
             ... in the Dungeon (Sprint IX: "|||||||||||||||||||||||||||||").
             The game lasted 00:00:44 (33 turns).

Arum the Shield-Bearer (Formicid Fighter)             Turns: 33, Time: 00:00:45

Health: -6/25      AC:  7    Str: 20    XL:     2   Next: 5%
Magic:  2/2        EV:  8    Int:  7    God:
Gold:   0          SH:  9    Dex: 10    Spells: 1/1 levels left

rFire    . . .     SeeInvis +   a - +0 quarterstaff
rCold    . . .     Faith    .   c - +0 kite shield
rNeg     . . .     Spirit   .   b - +0 scale mail
rPois    .         Reflect  .   (helmet unavailable)
rElec    .         Harm     .   (no cloak)
rCorr    .         Rampage  .   (no gloves)
Will     .....                  (no boots)
Stlth    ..........             (no amulet)
HPRegen  0.08/turn              (no ring)
MPRegen  0.08/turn              (no ring)

@: no status effects
A: permanent stasis, dig shafts and tunnels, antennae 3, four strong arms
a: Dig


You were in the Dungeon.
You visited 1 branch

Inventory:

Hand Weapons
 a - a +0 quarterstaff (weapon)
Armour
 b - a +0 scale mail (worn)
 c - a +0 kite shield (worn)
Potions
 d - a potion of might
 e - a potion of curing
 f - a potion of heal wounds
 g - 2 potions of magic


   Skills:
 + Level 3.9 Fighting
 + Level 2.7 Staves
 + Level 3.9 Armour
 + Level 4.2 Shields


You had one spell level left.
You didn't know any spells.
Your spell library was empty.

Dungeon Overview and Level Annotations

Branches:
Dungeon (1/1)

Altars:


Innate Abilities, Weirdness & Mutations

You cannot be hasted, slowed, berserked, paralysed or teleported.
You can dig through walls and to a lower floor.
You have a pair of large antennae on your head. (SInv)
Your four strong arms can wield two-handed weapons with a shield.


Message History

You open the door.
A quokka, an ice beast, 2 orcs and a zombie come into view.
The orc shouts! x2
Unknown command.
You aren't carrying any items that you can evoke.
Unknown command.
The quokka barely misses you.
You hit the quokka.
The quokka is heavily wounded.
The quokka barely misses you.
You closely miss the quokka.
The quokka is heavily wounded.
You block the quokka's attack. x2
Your shield and scale mail prevent you from hitting the quokka.
The quokka is heavily wounded.
The quokka barely misses you.
Your scale mail prevents you from hitting the quokka.
The quokka is heavily wounded.
The quokka bites you.
The quokka bites you but does no damage.
You hit the quokka.
You kill the quokka!
The ice beast hits you. The ice beast freezes you!
You have reached level 2!
Unknown command.
You sock the ice beast!
The ice beast is heavily wounded.
The ice beast barely misses you.
You hit the ice beast.
The ice beast is heavily wounded.
The ice beast hits you but does no damage.
You hit the ice beast.
The ice beast is severely wounded.
You block the ice beast's attack.
You hit the ice beast.
The ice beast is severely wounded.
The ice beast hits you but does no damage.
The ice beast hits you. The ice beast freezes you!
Ouch! That really hurt!
You die... ▓▓▓▓▓▓▓▓▓▓▓▓▓▓▓▓▓▓ +..ZooY@....)...<▓ ▓▓▓▓▓▓▓▓▓▓▓▓▓▓▓▓▓▓

You could see an ice beast, 2 orcs and an adder zombie.

Vanquished Creatures
  A bat (D)
  An endoplasm (D)
  A hobgoblin (D)
  A quokka (D)
  A frilled lizard (D)
  A goblin (D)
6 creatures vanquished.

Notes
Turn   | Place    | Note
-------+----------+-------------------------------------------
     0 | D        | Arum the Formicid Fighter began the quest for the Orb.
     0 | D        | Reached XP level 1. HP: 18/18 MP: 1/1
    13 | D        | Reached skill level 4 in Shields
    22 | D        | Noticed an ice beast
    30 | D        | Reached XP level 2. HP: 12/25 MP: 2/2
    33 | D        | Mangled by an ice beast

Illustrated notes

Levels and vault maps discovered:
D:        linesprint [early_d, line_temple, items_1, d_10, items_2, lair_1,
          lair_end, items_3, orc_1, orc_end, items_4, d_15, swamp_1, shoals_1,
          snake_1, spider_1, d_20, vaults_1, items_5, swamp_end, shoals_end,
          snake_end, spider_end, vaults_end, d_27, items_6, zot_1, zot_end,
          crypt_end, forest_end, elf_end, slime_end, tomb_end, abyss_end,
          pan_hell_end]

Skill      XL: |  1 |
---------------+----+-----
Shields        | 4 |  4.2
Fighting       | |  3.9
Staves         | |  2.7
Armour         | |  3.9

Action                   || total
-------------------------++-------
Melee: Quarterstaff      ||    21
Armor: Scale mail        ||     6
Dodge: Dodged            ||     6
Block: Kite shield       ||     9
